 Dungeon Crawl Stone Soup version 0.30-b1-2-g02819fbbbe (webtiles) character file.

Game seed: 11048843947817738821

14 Alarkh the Sneak (level 2, 2/24 HPs)
             Began as a Demonspawn Delver on May 22, 2023.
             Quit the game on level 2 of the Dungeon.
             The game lasted 00:01:17 (249 turns).

Alarkh the Sneak (Demonspawn Delver)                 Turns: 249, Time: 00:01:18

Health: 2/24       AC:  3    Str: 12    XL:     2   Next: 31%
Magic:  2/2        EV: 11    Int: 11    God:
Gold:   10         SH:  0    Dex: 14    Spells: 1/1 levels left

rFire   . .          .
                       - Unarmed
rCold   . . .        (no shield)
rNeg    . . .        a - +0 leather armour
rPois   .            (no helmet)
rElec   .            (no cloak)
rCorr   .            (no gloves)
SInv    .            (no boots)
Will    .....        (no amulet)
Stlth   ++           (no ring)
HPRegen 0.24/turn    (no ring)
MPRegen 0.08/turn

%: no passive effects
@: no status effects
A: ignite blood 1
a: no special abilities


You were on level 2 of the Dungeon.
You visited 1 branch of the dungeon, and saw 5 of its levels.

You collected 10 gold pieces.

Inventory:

Armour
 a - a +0 leather armour (worn)
Wands
 f - a wand of digging (3)
Scrolls
 b - a scroll of fog
 g - a scroll of identify {unknown}


   Skills:
 - Level 3.0 Fighting
 - Level 1.7 Dodging
 - Level 4.5 Stealth
 + Level 2.7 Unarmed Combat


You had one spell level left.
You didn't know any spells.
Your spell library contained the following spells:

 Spells                   Type           Power      Damage    Failure   Level
 Magic Dart               Conj           0%         1d3       41%         1
 Searing Ray              Conj           0%         2d4       56%         2
 Fulminant Prism          Conj/Hex       0%         3d5       99%         4


Dungeon Overview and Level Annotations

Branches:
Dungeon (6/15)
 Temple: D:4-7

Altars:

Shops:
D:3 [   D:5 *

Annotations:
D:3 Pargi
D:5 Sigmund


Innate Abilities, Weirdness & Mutations

Your demonic aura sometimes causes spilled blood to erupt in flames.


Message History

You completely miss the adder.
The adder is almost dead.
The adder bites you.
You miss the adder. Your punch misses the adder.
The adder is almost dead.
The adder bites you.
You are too injured to fight recklessly!
You closely miss the adder.
The adder is almost dead.
The adder barely misses you.
You miss the adder. Your punch misses the adder.
The adder is almost dead.
The adder bites you.
You closely miss the adder.
The adder is almost dead.
The adder closely misses you. The adder bites you.
* * * LOW HITPOINT WARNING * * *
You are poisoned.
The adder poisons you!
You hit the adder.
The adder is almost dead.
* * * LOW HITPOINT WARNING * * *
You feel sick. The adder barely misses you.
You barely miss the adder.
The adder is almost dead.
* * * LOW HITPOINT WARNING * * *
You feel sick. The adder barely misses you.
You hit the adder.
You kill the adder!
* * * LOW HITPOINT WARNING * * *
You feel sick.
You have reached level 2!
Your demonic ancestry asserts itself...
Your blood heats up.
You feel sick.
You aren't carrying any potions.
You feel sick.
You are no longer poisoned.
A worm comes into view.
Are you sure you want to abandon this character and quit the game? (Confirm with "yes".)

#############
............#
##.###### #.#
##..#######w#
..#.#.....?.#
.........#†.######
.......#.#..†w...#
.#...#.#)#..####@#
.#.#.#.#.#.... #.#
.#.#.#.#.#....##.#
.#.).#.#.#....##.#
.......#.#........
.........#....##.#
..###......#####.#
#####...#.## #.w
####..### #


You could see 2 worms.

Vanquished Creatures
  An adder (D:2)
  A ball python (D:2)
  A goblin (D:2)
  A kobold (D:2)
  A quokka (D:2)
5 creatures vanquished.

Notes
Turn   | Place    | Note
-------+----------+-------------------------------------------
     0 | D:5      | Alarkh the Demonspawn Delver began the quest for the Orb.
     0 | D:5      | Reached XP level 1. HP: 18/18 MP: 1/1
    14 | D:5      | Noticed Sigmund
    25 | D:6      | Noticed an orc wizard
    25 | D:6      | Noticed an ogre
    26 | D:6      | Noticed a water moccasin
   105 | D:4      | Noticed an iguana
   125 | D:3      | Noticed Pargi
   125 | D:3      | Found Cat Fuot's Antique Armour Shop.
   246 | D:2      | Gained mutation: Your demonic aura sometimes causes spilled
                  | blood to erupt in flames. [demonic ancestry]
   246 | D:2      | Reached XP level 2. HP: 3/24 MP: 2/2
   249 | D:2      | Quit the game

Illustrated notes

Levels and vault maps discovered:
D:2:      layout_basic, minmay_misc_feat_more_columns, nicolae_hexahallways,
          hangedman_decor_opposing, minmay_pentomino_x2
D:3:      layout_loops_ring, mainiacjoe_overflow_paths, serial_shops,
          nicolae_shop_tiny_statue_garden, shop_statue, uniq_pargi
D:4:      layout_gridville, st_stairs_7, uniq_ijyb, uniq_edmund, uniq_robin,
          uniq_blork_the_orc
D:5:      layout_cave_pools, kennysheep_little_box,
          mainiacjoe_overflow_small_starburst, serial_gnoll_camp,
          gnoll_camp_mini_hut, gnoll_camp_medium_02, gnoll_camp_mini_shop,
          gnoll_camp_mini_hut, nicolae_underground_beach, uniq_eustachio,
          uniq_sigmund
D:6:      layout_cave_pools, uniq_menkaure, uniq_maggie, uniq_crazy_yiuf_cottage

Skill      XL: |  1 |
---------------+----+-----
Unarmed Combat | 2 |  2.7
Fighting       | |  3.0
Dodging        | |  1.7
Stealth        | |  4.5

Action                     || total
---------------------------++-------
  Melee: Unarmed           ||    35
         Punch             ||     1
    Use: Scroll            ||     2
         Potion            ||     1
   Stab: Distracted        ||     1
 Armour: Leather armour    ||     7
  Dodge: Dodged            ||    25
